 Dungeon Crawl Stone Soup version 0.27.1-34-g3ba077fa99 (webtiles) character file.

Game seed: 14491715375678521290

4307 pkoi the Grappler (level 10, -10/103 HPs)
             Began as a Yellow Draconian Warper on Jan 17, 2022.
             Was a Follower of Hepliaklqana.
             Splashed by Maurice's acid (12 damage)
             ... on level 8 of the Dungeon.
             The game lasted 00:16:47 (10948 turns).

pkoi the Grappler (Yellow Draconian Warper)        Turns: 10948, Time: 00:16:49

Health: -10/103    AC:  9    Str: 14    XL:     10   Next: 11%
Magic:  14/14      EV:  2    Int: 16    God:    Hepliaklqana [*.....]
Gold:   325        SH:  0    Dex: 11    Spells: 8/15 levels left

rFire    . . .     SeeInvis .     - Unarmed
rCold    . . .     Faith    .   (no shield)
rNeg     + + +     Spirit   .   (armour unavailable)
rPois    +         Reflect  .   (helmet currently unavailable)
rElec    .         Harm     .   (cloak currently unavailable)
rCorr    .         Rampage  .   (gloves currently unavailable)
Will     +....     NoTele   +   (boots currently unavailable)
Stlth    +.........             (no amulet)
HPRegen  0.27/turn              y - ring of willpower
MPRegen  0.14/turn              t - +4 ring of evasion

@: short of breath, tree-form, corroded
A: stationary, stasis, torment immunity, boosted hp, reduced essence, (spit
acid), AC +7, unfitting armour, (cold-blooded), (acid resistance)
a: Renounce Religion, Recall Ancestor, Ancestor Identity


You were on level 8 of the Dungeon.
You worshipped Hepliaklqana.
Hepliaklqana was aware of your devotion.
You were a tree.
You visited 2 branches of the dungeon, and saw 9 of its levels.

You collected 325 gold pieces.

Inventory:

Hand Weapons
 i - a +0 dagger of venom
 m - a +0 whip
 r - a +2 whip of electrocution
 A - the +3 hunting sling "Xiegies" {vorpal, rF+ Will+ Str-4 Dex+4}
   (You found it on level 8 of the Dungeon)

   Any ammunition fired from it inflicts extra damage upon your enemies.
   Str:       It affects your strength (-4).
   Dex:       It affects your dexterity (+4).
   rF:        It protects you from fire.
   Will:      It increases your willpower.
Missiles
 b - 5 boomerangs of dispersal
 h - 14 boomerangs
 o - 26 poisoned darts (quivered)
 w - 7 curare-tipped darts
 B - 2 throwing nets
Armour
 g - a +2 cloak (melded)
 l - a +2 pair of boots (melded)
 n - a +0 pair of gloves (melded)
Jewellery
 t - a +4 ring of evasion (right branch)
 u - a ring of flight
 y - a ring of willpower (left branch)
Wands
 E - a wand of polymorph (9)
Scrolls
 a - a scroll of blinking
 c - 2 scrolls of identify
 q - 3 scrolls of teleportation
 v - a scroll of enchant armour
 D - 2 scrolls of amnesia
Potions
 d - 3 potions of haste
 e - 5 potions of curing
 f - 2 potions of magic
 j - a potion of cancellation
 k - a potion of heal wounds
 p - 2 potions of lignification
 s - a potion of berserk rage {unknown}
 x - a potion of resistance {unknown}
 z - a potion of attraction {unknown}
 C - a potion of brilliance {unknown}


   Skills:
 - Level 3.0 Fighting
 - Level 0.8 Throwing
 - Level 3.0 Dodging
 + Level 11.2 Unarmed Combat
 - Level 3.0 Spellcasting
 + Level 9.2 Translocations


You had 8 spell levels left.
You knew the following spells:

 Your Spells              Type           Power      Damage    Failure   Level
a - Blink                 Tloc           N/A        N/A       1%          2
b - Manifold Assault      Tloc           32%        N/A       12%         5

Your spell library contained the following spells:

 Spells                   Type           Power      Damage    Failure   Level
 Gell's Gravitas          Tloc           16%        N/A       1%          3
 Lesser Beckoning         Tloc           16%        N/A       1%          3
 Teleport Other           Tloc           32%        N/A       1%          3
 Sting                    Tmut/Pois      8%         1d3       19%         1
 Poisonous Vapours        Pois/Air       4%         N/A       28%         2
 Olgreb's Toxic Radiance  Pois           2%         N/A       88%         4
 Blade Hands              Tmut           1%         N/A       99%         5
 Iron Shot                Conj/Erth      1%         9d1       100%        6
 Animate Armour           Summ/Erth      Unusable   N/A       N/A         4

Dungeon Overview and Level Annotations

Branches:
Dungeon (8/15)             Temple (1/1) D:5
   Lair: D:8-11

Altars:
Ashenzari
Cheibriados
Dithmenos
Elyvilon
Fedhas
Gozag
Hepliaklqana
Kikubaaqudgha
Makhleb
Nemelex Xobeh
Okawaru
Qazlal
Ru
Sif Muna
Trog
Uskayaw
Vehumet
Wu Jian
Xom
Yredelemnul
Zin
The Shining One

Shops:
D:1 (   D:2 [   D:8 (

Annotations:
D:8 Maurice


Innate Abilities, Weirdness & Mutations

You are a tree.
Your roots penetrate the ground, keeping you stationary.
You cannot be teleported.
You are immune to unholy pain and torment.
Your maximum health is greatly increased.
Your equipment is partially melded.
Your life essence is reduced to manifest your ancestor. (-10% HP)
((You can spit globs of acid.))
((Your golden yellow scales are hard. (AC +7)))
You cannot fit into any form of body armour.
((You are cold-blooded and may be slowed by cold attacks.))
((You are resistant to acid. (rCorr)))


Message History

You swap places.
Maurice barely misses Ferra.
Ferra closely misses Maurice.
What are your orders? t - Shout!
Orders for allies: a - Attack new target. p - Attack previous target. r - Retreat! s - Stop attacking. g - Guard the area. f - Follow me.
Anything else - Cancel.
Gang up on whom?
Press: ? - help, Dir - move target, f/p - Maurice
Aim: Maurice, wielding a +0 short sword, wearing a +1 cloak and carrying a wand of acid (6) (moderately wounded, covering ground quickly, covered in acid, ally target) Attack!
Maurice barely misses Ferra.
Ferra barely misses Maurice.
Unknown command.
Maurice hits Ferra with a +0 short sword!
Ferra closely misses Maurice.
Maurice hits Ferra with a +0 short sword.
Ferra hits Maurice.
Maurice zaps a wand.
The bolt of acid hits Ferra!
Ferra is splashed with acid.
Ferra is destroyed!
The bolt of acid hits you! You resist.
* * * LOW HITPOINT WARNING * * *
The acid corrodes you!
You are splashed with acid!
You resist.
* * * LOW HITPOINT WARNING * * *
You have got your breath back.
Press: ? - help, Shift-Dir - straight line, f/p - Maurice
Aim: Maurice, wielding a +0 short sword, wearing a +1 cloak and carrying a wand of acid (5) (moderately wounded, covering ground quickly, covered in acid)
You spit a glob of acid.
The glob of acid hits Maurice!
Maurice is splashed with acid.
Maurice is heavily wounded.
Maurice hits you with a +0 short sword.
* * * LOW HITPOINT WARNING * * *
Maurice steals 2 of your 5 potions of haste!
Really quaff the potion of lignification?
You turn into a tree.
Your +2 cloak melds into your body.
Your +0 pair of gloves melds into your body.
Your +2 pair of boots melds into your body.
Your roots penetrate the ground.
Maurice zaps a wand.
The bolt of acid hits you!
* * * LOW HITPOINT WARNING * * *
The acid corrodes you!
You are splashed with acid!
You die...

..# #....### #.# ###....#
### #.# #...<# #.+ #.##
###...# #.# #..#
#.....### #@#
##.###.###...## #.#
#.#...# #....### #.##
#....## ####...##
#..###.# #.##.#
#...♣####@....# ##.##.#
###..@#...##### ##.##.###
###...### [..##...##
###...#####
.†.####..#####.......>...
.................##....#.
###.######.[....## ...(#
###.######.....##........
##.........###....#######


You could see Maurice (swift, corroded).

Vanquished Creatures
  Harold (D:8)
  Joseph (D:7)
  Grinder (D:4)
  A hornet (D:7)
  3 yaks (D:8)
  A steam dragon (D:5)
  Menkaure (D:7)
  Edmund (D:6)
  A black bear (D:6)
  4 sky beasts
  A necrophage (D:2)
  3 phantoms
  2 bullfrogs
  A wyvern zombie (D:6)
  2 scorpions
  A wyvern skeleton (D:7)
  A water moccasin skeleton (D:6)
  A wight (D:7)
  A howler monkey (D:6)
  3 orc priests (D:7)
  4 hounds
  2 centaur skeletons
  2 iguanas
  3 orc wizards
  Terence (D:3)
  2 killer bee zombies (D:5)
  4 adders
  A shadow imp (D:6)
  A white imp (D:7)
  3 dart slugs (D:1)
  27 orcs
  3 ball pythons
  7 endoplasms
  2 giant cockroaches (D:4)
  6 goblins
  10 hobgoblins
  3 jackals (D:1)
  5 quokkas
  6 bats
  3 frilled lizards
  8 kobolds
  11 rats
145 creatures vanquished.

Vanquished Creatures (collateral kills)
  A yak (D:8)
  2 wights (D:7)
  3 orcs (D:7)
6 creatures vanquished.

Vanquished Creatures (others)
  7 ancestors
7 creatures vanquished.

Grand Total: 158 creatures vanquished

Notes
Turn   | Place    | Note
-------+----------+-------------------------------------------
     0 | D:1      | pkoi the Draconian Warper began the quest for the Orb.
     0 | D:1      | Reached XP level 1. HP: 17/17 MP: 3/3
   394 | D:1      | Reached XP level 2. HP: 23/24 MP: 5/5
   397 | D:1      | Learned a level 2 spell: Blink
   707 | D:1      | Reached skill level 3 in Unarmed Combat
  1068 | D:1      | Reached XP level 3. HP: 29/29 MP: 6/6
  1242 | D:1      | Found Galesh's Weapon Boutique.
  1386 | D:1      | You fall into a shaft and drop 1 floor!
  1558 | D:2      | Reached skill level 4 in Unarmed Combat
  1820 | D:2      | Found Fedoger's Armour Emporium.
  2296 | D:2      | Reached XP level 4. HP: 32/36 MP: 7/7
  2334 | D:2      | Noticed a necrophage
  2367 | D:2      | Killed a necrophage
  2368 | D:2      | Reached skill level 5 in Unarmed Combat
  2368 | D:2      | Reached XP level 5. HP: 27/41 MP: 8/8
  3003 | D:3      | Noticed a phantom
  3202 | D:3      | Found a sparkling altar of Nemelex Xobeh.
  3227 | D:3      | Found a white marble altar of Elyvilon.
  3278 | D:3      | Found a faded altar of an unknown god.
  3388 | D:3      | Found a bloodstained altar of Trog.
  3562 | D:3      | Killed a phantom
  3963 | D:3      | Noticed Terence
  3978 | D:3      | Killed Terence
  3979 | D:3      | Reached XP level 6. HP: 48/51 MP: 9/9
  4191 | D:4      | Noticed Grinder
  4340 | D:4      | Reached skill level 6 in Unarmed Combat
  4898 | D:4      | Paralysed by Grinder for 5 turns
  4915 | D:4      | Paralysed by Grinder for 3 turns
  4925 | D:4      | Killed Grinder
  4926 | D:4      | Reached skill level 7 in Unarmed Combat
  4926 | D:4      | Your scales start taking on a golden yellow colour.
  4926 | D:4      | Reached XP level 7. HP: 34/57 MP: 10/10
  4926 | D:4      | Gained mutation: You are resistant to acid. (rCorr) [Yellow
                  | Draconian growth]
  5337 | D:4      | Learned a level 5 spell: Manifold Assault
  5523 | D:5      | Entered Level 5 of the Dungeon
  5918 | D:5      | Noticed a steam dragon
  5961 | D:5      | Found a staircase to the Ecumenical Temple.
  5970 | Temple   | Entered the Ecumenical Temple
  6202 | Temple   | Became a worshipper of Hepliaklqana the Forgotten
  6288 | D:5      | Found a glowing golden altar of the Shining One.
  6308 | D:5      | Reached skill level 8 in Unarmed Combat
  6375 | D:5      | Killed a steam dragon
  6376 | D:5      | Reached XP level 8. HP: 32/63 MP: 12/12
  6844 | D:6      | Noticed Edmund
  6865 | D:6      | Killed Edmund
  6866 | D:6      | Reached skill level 5 in Translocations
  7186 | D:6      | HP: 1/62 [wyvern zombie (7)]
  7503 | D:6      | Found a stormy altar of Qazlal.
  7832 | D:6      | Reached skill level 9 in Unarmed Combat
  8208 | D:6      | Reached * piety under Hepliaklqana
  8731 | D:7      | Reached XP level 9. HP: 57/62 MP: 13/13
  8902 | D:7      | Noticed Joseph
  8912 | D:7      | Killed Joseph
  8982 | D:7      | Noticed Menkaure
  8988 | D:7      | Killed Menkaure
  8989 | D:7      | Reached skill level 10 in Unarmed Combat
  9328 | D:7      | Found a radiant altar of Vehumet.
  9328 | D:7      | Found a basalt altar of Yredelemnul.
  9799 | D:8      | Found Caihis's Weapon Boutique.
  9865 | D:8      | Noticed Harold
 10346 | D:8      | Identified the +3 hunting sling "Xiegies" {vorpal, rF+
                  | Will+ Str-4 Dex+4}
 10464 | D:8      | Identified the +1 falchion of Beyond {protect, +Rage rN+
                  | SInv Stlth+}
 10611 | D:8      | Killed Harold
 10612 | D:8      | Reached skill level 11 in Unarmed Combat
 10612 | D:8      | Reached XP level 10. HP: 39/69 MP: 14/14
 10930 | D:8      | Noticed Maurice
 10948 | D:8      | HP: 2/103 [Maurice/bolt of acid (16)]
 10948 | D:8      | Splashed by Maurice's acid

Illustrated notes

Levels and vault maps discovered:
D:1:      scummos_arrival_gate, layout_loops_corners, serial_shops, shop,
          moated_statue, amcnicky_mini_corridor_feature,
          chequers_serial_rivers_small_a
D:2:      layout_loops_corners, serial_shops, nicolae_shop_stone,
          chequers_serial_rivers_marsh, chequers_serial_rivers_micro_c,
          minmay_3d_cube
D:3:      layout_loops_ring, mainiacjoe_overflow_24_doors,
          mainiacjoe_overflow_catwalk_spiral,
          ebering_ecumenical_altar_abandoned, st_stairs_10,
          grunt_decor_mini_mirrors, wad_floor_pattern_untrapped, uniq_terence
D:4:      layout_loops_cross, kennysheep_donut, mrwooster_statue_mirror,
          st_stairs_2, nrook_mini_backslash, nicolae_underground_beach,
          uniq_grinder
D:5:      layout_cave_pools, mainiacjoe_overflow_brackets,
          minmay_temple_entry_large_hall
D:6:      layout_loops_ring, mainiacjoe_overflow_six_doors_small,
          chequers_serial_rivers_micro_d, uniq_edmund
D:7:      layout_loops_corners, gammafunk_temple_overflow_elements,
          kennysheep_generic_room_2, uniq_menkaure, uniq_joseph
D:8:      layout_rooms, serial_shops, shop, kennysheep_generic_room_9,
          uniq_maurice, uniq_harold
Temple:   regret_index_temple_generic_petals

Skill      XL: |  1  2  3  4  5  6  7  8  9 |
---------------+----------------------------+-----
Unarmed Combat | 3 4 5 7 8 9 11 | 11.2
Fighting       | 3 |  3.0
Dodging        | 3 |  3.0
Spellcasting   | 3 |  3.0
Translocations | 4 6 9 |  9.2
Throwing       | |  0.8

Action                   |  1- 3 |  4- 6 |  7- 9 | 10-12 || total
-------------------------+-------+-------+-------+-------++-------
Melee: Unarmed           |   167 |   210 |   289 |    20 ||   686
       Tailslap          |    17 |    19 |    30 |     4 ||    70
       Punch             |     2 |     1 |     9 |       ||    12
       Dagger            |       |    12 |       |       ||    12
Throw: Dart              |       |       |     8 |       ||     8
Invok: Recall Ancestor   |       |       |     2 |       ||     2
       Ancestor Identity |       |       |     1 |       ||     1
 Abil: Breathe Acid      |       |       |    23 |     2 ||    25
  Use: Scroll            |       |     4 |     7 |       ||    11
       Potion            |       |     4 |     1 |     1 ||     6
 Stab: Sleeping          |     1 |       |       |       ||     1
       Distracted        |       |       |     1 |       ||     1
Armor: Skin              |    42 |    78 |   113 |     3 ||   236
Dodge: Dodged            |    95 |   124 |   156 |    11 ||   386
